 Dungeon Crawl Stone Soup version 0.26-a0-489-g112e8ad46e (webtiles) character file.

Game seed: 3635843817350868402

25 KristoblXynda the Slasher (level 3, 0/34 HPs)
             Began as a Tengu Berserker on Aug 3, 2020.
             Was a Follower of Trog.
             Succumbed to an adder's poison
             ... on level 2 of the Dungeon.
             The game lasted 00:01:19 (1456 turns).

KristoblXynda the Slasher (Tengu Berserker)         Turns: 1456, Time: 00:01:19

Health: 0/34       AC:  2    Str: 18    XL:     3   Next: 4%
Magic:  4/4        EV: 13    Int:  7    God:    Trog [*.....]
Gold:   73         SH:  0    Dex: 13    Spells: 2/2 levels left

rFire    . . .     SeeInvis .   a - +0 falchion
rCold    . . .     Faith    .   (no shield)
rNeg     . . .     Spirit   .   b - +0 animal skin
rPois    .         Reflect  .   (helmet restricted)
rElec    .         Harm     .   (no cloak)
rCorr    .                      (no gloves)
MR       .....                  (boots unavailable)
Stlth    ..........             (no amulet)
HPRegen  0.11/turn              (no ring)
MPRegen  0.09/turn              (no ring)

@: berserking, lethally poisoned (0 -> -10), very quick
A: beak, talons 3
a: Berserk, Renounce Religion


You were on level 2 of the Dungeon.
You worshipped Trog.
Trog was aware of your devotion.
You visited 1 branch of the dungeon, and saw 2 of its levels.

You collected 73 gold pieces.

Inventory:

Hand Weapons
 a - a +0 falchion (weapon)
Armour
 b - a +0 animal skin (worn)
Jewellery
 k - an uncursed ring of wizardry
 n - a cursed amulet of inaccuracy {unknown}
Scrolls
 c - 3 scrolls of identify {unknown}
 d - a scroll of fear {unknown}
 f - a scroll of noise {unknown}
 g - a scroll of amnesia {unknown}
 j - a scroll of teleportation {unknown}
 m - a scroll of remove curse {unknown}
Potions
 e - a potion of brilliance {unknown}
 h - a potion of curing {unknown}
 i - a potion of degeneration {unknown}
 l - a potion of invisibility {unknown}


   Skills:
 + Level 3.3 Fighting
 + Level 3.6 Long Blades
 + Level 2.6 Armour
 + Level 2.6 Dodging


You had 2 spell levels left.
You didn't know any spells.
Your spell library was empty.

Dungeon Overview and Level Annotations

Branches:
Dungeon (2/15)

Altars:


Innate Abilities, Weirdness & Mutations

You have a beak for a mouth.
You have claws for feet.


Message History

You closely miss the adder. You claw the adder.
You kill the adder!
Trog accepts your kill.
You have reached level 3!
Your experience leads to an increase in your attributes!
Increase (S)trength, (I)ntelligence, or (D)exterity?
You feel stronger.
* * * LOW HITPOINT WARNING * * *
You feel sick.
You slash the rat!
You kill the rat!
Trog accepts your kill.
* * * LOW HITPOINT WARNING * * *
You feel sick.
You see here a rat corpse.
There is a lethal amount of poison in your body!
There is a lethal amount of poison in your body!
Unknown command.
You feel a strong urge to attack something.
You die...

......# #.#.....####.##......
......# #............##......
......#######.......###..##......
...............###### #..##......
##.######....#..# #..##......
##)## #... ##.# #..##...... .)..#
#.. #.## #..###.#### ....# ##
#..# ...) #. ....# ##@# ....
....# #..# ....# ##.# ....# .#
....# .. ..... #.. .. ..#


There were no monsters in sight!

Vanquished Creatures
  An adder (D:2)
  2 bats
  2 goblins (D:2)
  3 hobgoblins (D:2)
  A frilled lizard (D:1)
  4 kobolds
  5 rats
18 creatures vanquished.

Notes
Turn   | Place    | Note
-------+----------+-------------------------------------------
     0 | D:1      | KristoblXynda the Tengu Berserker began the quest for the
                  | Orb.
     0 | D:1      | Reached XP level 1. HP: 14/14 MP: 2/2
   862 | D:2      | Reached XP level 2. HP: 10/19 MP: 3/3
  1453 | D:2      | Reached XP level 3. HP: 3/23 MP: 4/4
  1454 | D:2      | HP: 1/34 [poisoned by an adder]
  1456 | D:2      | Succumbed to an adder's poison

Illustrated notes

Levels and vault maps discovered:
D:1:      dpeg_chamrin_arrival_tetris, layout_basic
D:2:      layout_basic, lightli_temple_of_fire, nicolae_overflow_crystal_walls,
          lemuel_doored_altar

Action                   || total
-------------------------++-------
Melee: Falchion          ||    35
       Kick              ||     7
       Peck              ||     2
Invok: Berserk           ||     1
Armor: Animal skin       ||     3
Dodge: Dodged            ||    14
       Rpst.: Falchion   ||     3

Table legend: (Time is in decaauts)
 A = Elapsed time spent in this place.
 B = Non-inter-level travel time spent in this place.
 C = Inter-level travel time spent in this place.
 D = Time resting spent in this place.
 E = Time spent auto-exploring this place.
 F = Levels seen in this place.
 G = Mean time per level.
                   A        B        C        D        E       F      G
               +--------+--------+--------+--------+--------+-----+--------+
         Total |   1459 |   1449 |     10 |      0 |   1326 |   2 |  729.5 |
       Dungeon |   1459 |   1449 |     10 |      0 |   1326 |   2 |  729.5 |
               +--------+--------+--------+--------+--------+-----+--------+

Top non-repeatable levels by time:
     D:1: 808 daAuts
     D:2: 650 daAuts
